 Dungeon Crawl Stone Soup version 0.18-a0-1586-g58c38cf (webtiles) character file.

1061 Geeful the Changer (level 8, 0/54 HPs)
             Began as a Merfolk Transmuter on Mar 17, 2016.
             Was a Follower of Elyvilon.
             Slain by a gnoll
             ... wielding a +0 spear
              (12 damage)
             ... on level 5 of the Dungeon on Mar 18, 2016.
             The game lasted 00:26:41 (7056 turns).

Geeful the Changer (Merfolk Transmuter)             Turns: 7056, Time: 00:26:41

Health: 0/54       AC:  2    Str: 11    XL:     8   Next: 27%
Magic:  12/15      EV: 26    Int: 13    God:    Elyvilon [*.....]
Gold:   256        SH:  0    Dex: 20    Spells: 2 memorised, 12 levels left

rFire  . . .     SeeInvis +       - Unarmed
rCold  + . .     Gourm    +     (armour currently unavailable)
rNeg   . . .     Faith    .     (shield currently unavailable)
rPois  x         Spirit   .     (helmet currently unavailable)
rElec  .         Dismiss  .     (cloak currently unavailable)
rCorr  .         Reflect  .     (gloves currently unavailable)
SustAt .         Harm     .     (boots currently unavailable)
MR     .....                    x - amulet of the gourmand
Stlth  ++........               o - ring of see invisible
                                n - ring of protection from cold

@: spider-form, not resistant to hostile enchantments, unstealthy
A: (change form in water), (swift swim)
a: End Transformation, Lesser Healing, Divine Protection, Renounce Religion


You were on level 5 of the Dungeon.
You worshipped Elyvilon.
Elyvilon was aware of your devotion.
You were very full.
You were a venomous arachnid creature.
You visited 1 branch of the dungeon, and saw 5 of its levels.

You collected 256 gold pieces.

Inventory:

Hand Weapons
 h - a +0 blowgun
Missiles
 F - 9 poisoned needles
Armour
 b - a +0 robe (melded)
 y - a +0 pair of boots (melded)
Jewellery
 n - a ring of protection from cold (left front leg)
 o - a ring of see invisible (right front leg)
 x - an amulet of the gourmand (around neck)
 D - an uncursed amulet of magic regeneration
Wands
 i - a wand of iceblast (9/15)
 B - a wand of lightning (4/15)
Scrolls
 g - a scroll of remove curse {unknown}
 j - a scroll of fear {unknown}
 k - 2 scrolls of recharging
 l - a scroll of blinking {unknown}
 m - 2 scrolls of random uselessness {unknown}
 q - a scroll of teleportation {unknown}
 r - 2 scrolls of noise {unknown}
 A - 2 scrolls of magic mapping {unknown}
 E - a scroll of identify
 G - a scroll of enchant armour {unknown}
Potions
 e - 3 potions of mutation {unknown}
 f - a potion of might
 p - a potion of heal wounds
 s - a potion of haste {unknown}
 v - 2 potions of curing {unknown}
 z - a potion of degeneration {unknown}
Books
 c - a book of Changes

   Spells                             Type                      Level
   a - Beastly Appendage              Transmutation                1
   b - Sticks to Snakes               Transmutation                2
   c - Spider Form                    Transmutation/Poison         3
   d - Ice Form                       Ice/Transmutation            4
   e - Blade Hands                    Transmutation                5
 w - a book of Ice

   Spells                             Type                      Level
   a - Ice Form                       Ice/Transmutation            4
   b - Metabolic Englaciation         Hexes/Ice                    5
   c - Ozocubu's Refrigeration        Ice                          6
   d - Bolt of Cold                   Conjuration/Ice              6
   e - Freezing Cloud                 Conjuration/Ice/Air          6
   f - Simulacrum                     Ice/Necromancy               6
Comestibles
 a - 2 beef jerkies
 d - a bread ration
 t - 3 fruits
 u - 3 meat rations


   Skills:
 - Level 1.1 Fighting
 + Level 6.6 Dodging
 + Level 5.9 Unarmed Combat
 + Level 4.7 Spellcasting
 + Level 6.8 Transmutations


You had 12 spell levels left.
You knew the following spells:

 Your Spells              Type           Power        Failure   Level  Hunger
a - Beastly Appendage     Trmt           ###...       6%          1    None
b - Spider Form           Trmt/Pois      ##........   32%         3    ###....


Dungeon Overview and Level Annotations

Branches:
Dungeon (5/15)
 Temple: D:4-7

Altars:
Elyvilon
Gozag
Xom

Shops:
D:5 (


Message History

The big kobold hits you but does no damage.
The gnoll barely misses you. The gnoll misses you.
You bite the gnoll!
The gnoll is poisoned.
The gnoll is severely wounded.
The big kobold completely misses you. The gnoll misses you. x2
You hit the gnoll but do no damage.
The gnoll is almost dead.
You kill the gnoll!
The big kobold completely misses you. The gnoll completely misses you.
You barely miss the kobold. The gnoll misses you. The big kobold misses you.
The kobold completely misses you.
You hit the kobold.
The kobold is poisoned.
The kobold is moderately wounded.
The gnoll misses you. The kobold misses you.
The big kobold completely misses you.
You barely miss the kobold.
The kobold is moderately wounded.
You kill the kobold!
The gnoll hits you from afar with a spear!
You die...

≈≈≈≈≈≈≈≈≈≈≈≈≈≈≈≈≈≈≈≈####
≈≈≈≈≈≈≈≈≈≈≈≈≈≈#####≈≈≈≈##
############### #≈≈≈≈≈##
(...(.(.......# #≈≈≈≈≈≈#
)(....(.......# #≈≈≈≈≈≈##
..............##+##≈≈≈≈≈≈≈#
...########....(.#≈≈≈≈≈≈≈≈##
...# #......#≈≈≈≈≈≈≈≈≈#
...########....Ks#≈≈≈≈≈≈≈≈≈#
..............##)##≈≈≈≈≈≈≈≈##
..(...........#$g$#≈≈≈≈≈≈≈≈≈#
..............#$$$#≈≈≈≈≈≈≈≈≈#
###############$$$#≈≈≈≈≈≈≈≈≈#
≈≈≈≈≈≈≈≈≈≈≈≈≈≈#####≈≈≈≈≈≈≈≈≈#
≈≈≈≈≈≈≈≈≈≈≈≈≈≈≈≈≈≈≈≈≈≈≈≈≈≈≈≈#
≈≈≈≈≈≈≈≈≈≈≈≈≈≈≈≈≈≈≈≈≈≈≈≈≈≈≈≈#
≈≈≈.≈..≈≈≈...≈.≈≈≈.≈≈≈..≈≈.≈#


You could see a big kobold and a gnoll.

Vanquished Creatures
  An orc warrior (D:3)
  A sky beast (D:5)
  2 big kobolds (D:5)
  The ghost of tijit the Conjurer, an amateur DEFE (D:3)
  A scorpion (D:5)
  A centaur zombie (D:5)
  2 hounds
  A centaur skeleton (D:4)
  A jelly (D:5)
  4 orc wizards (D:4)
  5 worker ants
  7 gnolls
  4 adders (D:3)
  An ooze (D:1)
  2 adder skeletons
  A worm (D:2)
  2 dart slugs (D:1)
  4 giant geckos
  10 orcs
  5 bats
  9 giant cockroaches
  6 goblins
  8 hobgoblins
  3 jackals (D:5)
  5 quokkas
  3 ball pythons
  2 giant newts
  44 kobolds
  7 rats
143 creatures vanquished.

Notes
Turn   | Place    | Note
--------------------------------------------------------------
     0 | D:1      | Geeful the Merfolk Transmuter began the quest for the Orb.
     0 | D:1      | Reached XP level 1. HP: 15/15 MP: 3/3
   175 | D:1      | Reached XP level 2. HP: 21/21 MP: 5/5
   726 | D:1      | Reached XP level 3. HP: 22/26 MP: 6/6
  1147 | D:2      | Found an opulent altar of Gozag.
  1302 | D:2      | Learned a level 3 spell: Spider Form
  1989 | D:3      | Reached XP level 4. HP: 27/32 MP: 5/7
  3167 | D:3      | Reached XP level 5. HP: 34/37 MP: 6/9
  3243 | D:3      | Noticed tijit's ghost (amateur DEFE)
  3375 | D:3      | Killed tijit's ghost
  4048 | D:4      | Reached XP level 6. HP: 20/43 MP: 7/11
  4410 | D:4      | Reached skill level 5 in Transmutations
  4424 | D:4      | Found a white marble altar of Elyvilon.
  4434 | D:4      | Became a worshipper of Elyvilon the Healer
  4545 | D:4      | Noticed an orc warrior
  4576 | D:3      | Killed an orc warrior
  4576 | D:3      | Reached skill level 5 in Dodging
  4760 | D:3      | Upgraded the game from 0.18-a0-1577-gf591c28 to 0.18-a0-1586-g58c38cf
  4768 | D:4      | Reached XP level 7. HP: 45/48 MP: 8/12
  5022 | D:4      | Reached skill level 5 in Unarmed Combat
  5671 | D:5      | Entered Level 5 of the Dungeon
  5698 | D:5      | Found Nadigh's Weapon Shop.
  5759 | D:5      | Found a shimmering altar of Xom.
  6673 | D:5      | Reached * piety under Elyvilon
  6899 | D:5      | Reached XP level 8. HP: 54/54 MP: 11/14
  7056 | D:5      | Slain by a gnoll

Vault maps used:
D:1:      minmay_arrival_radiant_lines, serial_bayou_ford_a, st_stairs_12
D:2:      overflow_temple_1_default
D:3:      first_bread
D:4:      lemuel_coloured_pillars_altar
D:5:      minmay_goblin_kobold_castle, xom_butterflies, serial_shops,
          nicolae_shop_window_shopping

Skill      XL: |  1  2  3  4  5  6  7 |
---------------+----------------------+-----
Transmutations | 3 4 5 6 |  6.8
Dodging        | 3 4 5 6 |  6.6
Unarmed Combat | 4 5 |  5.9
Spellcasting   | 3 4 |  4.7
Fighting       | |  1.1

Action                   |  1- 3 |  4- 6 |  7- 9 || total
-------------------------+-------+-------+-------++-------
Melee: Unarmed           |   105 |   115 |   213 ||   433
 Fire: Blowgun           |       |    13 |       ||    13
 Cast: Beastly Appendage |    15 |    10 |    13 ||    38
       Spider Form       |     1 |     8 |    18 ||    27
  Use: Scroll            |       |     3 |     2 ||     5
       Potion            |       |     1 |       ||     1
 Stab: Sleeping          |     2 |     2 |     1 ||     5
  Eat: Chunk             |     2 |     6 |    17 ||    25
       Beef jerky        |     1 |       |       ||     1
       Bread ration      |       |     1 |       ||     1
